 Dungeon Crawl Stone Soup version 0.21-a0-314-gb3271ec (webtiles) character file.

1860 tidbits the Digger (level 9, -15/68 HPs)
             Began as a Gnoll Wanderer on Sept 29, 2017.
             Was an Initiate of Ashenzari.
             Demolished by an ogre
             ... wielding a +0 giant club
              (29 damage)
             ... on level 5 of the Dungeon.
             The game lasted 00:25:05 (2855 turns).

tidbits the Digger (Gnoll Wanderer)                 Turns: 2855, Time: 00:25:05

Health: -15/68     AC:  5    Str: 11    XL:     9   Next: 13%
Magic:  11/14      EV: 15    Int: 21    God:    Ashenzari [......]
Gold:   255        SH:  5    Dex: 15    Spells: 12/15 levels left

rFire    + . .     SeeInvis .   w - +1 whip (venom)
rCold    + . .     Gourm    .   D - +0 buckler (curse)
rNeg     . . .     Faith    .   B - +2 robe {rC+ rF+}
rPois    +         Spirit   .   (no helmet)
rElec    .         Reflect  .   C - +0 cloak
rCorr    .         Harm     .   (no gloves)
MR       +....                  (no boots)
Stlth    +++.......             (no amulet)
HPRegen  0.21/turn              H - ring of protection from magic
MPRegen  0.14/turn              P - ring of poison resistance

@: no status effects
A: distributed training, fangs 1, strong nose
a: Curse Item, Renounce Religion


You were on level 5 of the Dungeon.
You worshipped Ashenzari.
Ashenzari was noncommittal.
You were not hungry.

You visited 2 branches of the dungeon, and saw 7 of its levels.

You collected 255 gold pieces.

Inventory:

Hand Weapons
 l - a +0 scythe of venom
   (You took it off Sigmund on level 2 of the Dungeon)
 s - a +4 quarterstaff of chaos
   (You took it off Crazy Yiuf on level 2 of the Dungeon)
 t - a +0 flail
 w - a +1 whip of venom (weapon)
   (You took it off a kobold on level 1 of the Dungeon)
 z - a +4 morningstar
 K - a +0 shortbow
 M - a +2 flail of protection
   (You found it on level 5 of the Dungeon)
Missiles
 h - 115 arrows
 k - 4 stones (quivered)
 p - 20 bolts
 x - 10 poisoned needles
 L - 2 throwing nets {!f}
Armour
 d - a +0 scale mail
 i - a +0 chain mail of magic resistance
   (You took it off Terence on level 2 of the Dungeon)
 B - a +2 robe of resistance (worn)
   (You took it off Sigmund on level 2 of the Dungeon)
 C - a +0 cloak (worn)
 D - a cursed +0 buckler (worn)
Jewellery
 g - an uncursed ring of fire
   (You found it on level 5 of the Dungeon)
 H - a ring of protection from magic (left hand)
   (You found it on level 1 of the Dungeon)
 P - a ring of poison resistance (right hand)
   (You found it on level 6 of the Dungeon)
Wands
 A - a wand of enslavement (12/24)
Scrolls
 c - a scroll of noise {unknown}
 j - 3 scrolls of enchant weapon {unknown}
 m - a scroll of recharging {unknown}
 o - 4 scrolls of teleportation
 u - a scroll of magic mapping {unknown}
 v - 2 scrolls of blinking {unknown}
 G - a scroll of amnesia {unknown}
Potions
 e - a potion of degeneration {unknown}
 n - a potion of haste
 q - a potion of agility {unknown}
 r - a potion of invisibility {unknown}
 E - a potion of lignification
Books
 a - a book of Geomancy

   Spells                             Type                      Level
   a - Sandblast                      Earth                        1
   b - Passwall                       Transmutation/Earth          2
   c - Stone Arrow                    Conjuration/Earth            3
   d - Petrify                        Transmutation/Earth          4
   e - Lee's Rapid Deconstruction     Earth                        5
 b - Obluit's Tome of Toxins

   Spells                             Type                      Level
   a - Sting                          Conjuration/Poison           1
   b - Spider Form                    Transmutation/Poison         3
 y - a book of Misfortune
   (You found it on level 3 of the Dungeon)

   Spells                             Type                      Level
   a - Confusing Touch                Hexes                        1
   b - Confuse                        Hexes                        3
   c - Gell's Gravitas                Translocation                3
   d - Petrify                        Transmutation/Earth          4
   e - Metabolic Englaciation         Hexes/Ice                    5
   f - Yara's Violent Unravelling     Hexes/Transmutation          5
Comestibles
 f - 5 bread rations
 F - a meat ration
 I - 2 fruits
 J - 5 chunks of flesh


   Skills:
 + Level 5.0 Fighting
 + Level 3.3 Short Blades
 + Level 5.0 Long Blades
 + Level 3.5 Axes
 + Level 5.4 Maces & Flails
 + Level 3.9 Polearms
 + Level 3.3 Staves
 + Level 3.7 Slings
 + Level 4.0 Bows
 + Level 4.0 Crossbows
 + Level 5.0 Throwing
 + Level 5.9 Armour
 + Level 4.8 Dodging
 + Level 4.2 Stealth
   Level 0.0 Stabbing
 + Level 3.7 Shields
   Level 0.0 Traps
 + Level 4.4 Unarmed Combat
 + Level 3.5 Spellcasting
 + Level 3.3 Conjurations
 + Level 3.7 Hexes
 + Level 2.0 Charms
 + Level 3.7 Summonings
 + Level 3.7 Necromancy
 + Level 3.9 Translocations
 + Level 4.0 Transmutations
 + Level 2.8 Fire Magic
 + Level 4.5 Ice Magic
 + Level 3.7 Air Magic
 + Level 7.3 Earth Magic
 + Level 3.7 Poison Magic
 + Level 3.7 Invocations
 + Level 4.4 Evocations


You had 12 spell levels left.
You knew the following spells:

 Your Spells              Type           Power        Failure   Level  Hunger
a - Sandblast             Erth           ####..       1%          1    None
w - Passwall              Tmut/Erth      ####......   1%          2    ##.....


Dungeon Overview and Level Annotations

Branches:
Dungeon (6/15)             Temple (1/1) D:5

Altars:
Ashenzari
Cheibriados
Dithmenos
Gozag
Hepliaklqana
Nemelex Xobeh
Qazlal
Ru
Trog
Uskayaw
Wu Jian
Xom
Yredelemnul
Zin
The Shining One
Lugonu

Shops:
D:6 %

Annotations:
D:6 Dowan, Duvessa, Grinder


Innate Abilities, Weirdness & Mutations

Your experience applies equally to all skills.
You have very sharp teeth.
Your uncanny sense of smell can sniff out nearby items.


Message History

an uncursed club x2; a gnoll skeleton; a gnoll corpse
Items here: )))) ††††
Items here: ))))) †††
Items here: ))) [ † an uncursed spear; an uncursed halberd; an uncursed whip an uncursed leather armour; a gnoll corpse You see here an uncursed club.
The gnoll sergeant shouts!
You hear a shout!
Casting: Sandblast
Confirm with . or Enter, or press ? or * to list all spells.
Aiming: Sandblast
Press: ? - help, Shift-Dir - straight line, f - gnoll sergeant
Aim: a gnoll sergeant, wielding a spear, wearing a scale mail and wearing a buckler The blast of sand hits the gnoll sergeant.
The gnoll sergeant is severely wounded.
k - 5 stones
Casting: Sandblast
Confirm with . or Enter, or press ? or * to list all spells.
Aiming: Sandblast
Press: ? - help, Shift-Dir - straight line, f/p - gnoll sergeant
Aim: a gnoll sergeant, wielding a spear, wearing a scale mail and wearing a buckler (severely wounded)
The blast of sand hits the gnoll sergeant.
You kill the gnoll sergeant!
Your Bows skill increases to level 4!
k - 4 stones An ogre comes into view. It is wielding a giant club.
The ogre shouts!
Items here: ) [[ † an uncursed spear; an uncursed scale mail; a +0 buckler; a gnoll corpse Evoke which item? (* to show all) (? for menu, Esc to quit)
Aiming: Enslavement
Press: ? - help, Shift-Dir - straight line, f - ogre
Aim: an ogre, wielding a giant club (chance to defeat MR: 59%)
The ogre is charmed.
This wand has 12 charges left.
What are your orders? t - Bark!
Orders for allies: a - Attack new target. p - Attack previous target. r - Retreat! s - Stop attacking. g - Guard the area. f - Follow me.
Anything else - Cancel.
Retreat in which direction?
Press: ? - help, Dir - move target cursor, p - ogre Fall back!
You swap places.
A gnoll comes into view.
What are your orders? t - Bark!
Orders for allies: a - Attack new target. r - Retreat! s - Stop attacking. g - Guard the area. f - Follow me.
Anything else - Cancel.
Gang up on whom?
Press: ? - help, Dir - move target cursor, f - gnoll
Aim: a gnoll Attack!
A throwing net appears from out of your range of vision.
The throwing net hits your ogre.
Your ogre is caught in the net!
Your ogre struggles against the net.
Your ogre struggles against the net.
Your ogre struggles against the net.
The gnoll hits your ogre.
A gnoll comes into view. It is wielding a flail.
Your ogre struggles against the net.
The gnoll hits your ogre but does no damage.
Your ogre struggles against the net.
The gnoll hits your ogre.
A gnoll comes into view. It is wielding a whip.
Your ogre struggles against the net.
You hit the gnoll.
The gnoll is moderately wounded.
Your ogre struggles against the net.
The net rips apart, and your ogre comes free!
The gnoll hits you!
* * * LOW HITPOINT WARNING * * *
You hit the gnoll.
The gnoll is poisoned.
The gnoll is heavily wounded.
Your ogre barely misses the gnoll.
The gnoll hits you.
* * * LOW HITPOINT WARNING * * *
Your ogre hits the gnoll with a giant club!!
The gnoll dies!
Your ogre hits the gnoll with a giant club!!
The gnoll dies!
Your Fighting skill increases to level 5!
What are your orders? t - Bark!
Orders for allies: a - Attack new target. r - Retreat! s - Stop attacking. g - Guard the area. f - Follow me.
Anything else - Cancel.
Gang up on whom?
Press: ? - help, Dir - move target cursor, f - gnoll
Aim: a gnoll, wielding a flail Attack!
The ogre is no longer charmed.
The worker ant twitches its antennae in your direction.
The gnoll barely misses you.
Okay, then.
The ogre hits you with a giant club!!
You die...

.#######..#..# .≈≈≈....##......#
.'.....'..#a.#. .≈≈≈....#####'###
.#######..#..#'###≈≈P...#)...>#
'#############ggg#≈≈....#.###.###
.............#...#≈≈....#.# #....
.≈≈≈≈≈≈≈≈≈≈≈a#####≈≈....#.# #.###
.≈≈≈≈≈≈≈≈≈≈≈≈≈≈≈≈≈≈≈....#.###.#
.≈≈≈≈≈≈≈≈≈≈≈≈≈≈≈≈≈≈≈....#.....#
..............gO@.P.....#..##.#
...........................##.###
##########################.......
##### #......... ######### #...#
#.##...### )))))...# #...#
#...#..# #######.# #...# ###.#.[#
.... #.# #...# #<##.# # #.# #...#
####.#


You could see an ogre, a worker ant and 3 gnolls.

Vanquished Creatures
  The ghost of p0werm0de the Insei, a novice GnCK of Cheibriados (D:4)
  Sigmund (D:2)
  2 centaurs (D:5)
  3 ogres
  2 bullfrogs
  A gnoll sergeant (D:5)
  A scorpion (D:4)
  A howler monkey (D:4)
  2 gnoll shamans (D:5)
  An orc wizard (D:3)
  Crazy Yiuf (D:2)
  Terence (D:2)
  3 iguanas
  6 worker ants
  A killer bee zombie (D:6)
  A worker ant zombie (D:5)
  A howler monkey zombie (D:4)
  19 gnolls (D:5)
  7 adders
  2 adder skeletons
  A worm (D:2)
  A dart slug (D:1)
  A leopard gecko (D:1)
  9 orcs
  2 ball pythons
  3 giant cockroaches
  7 goblins
  A hobgoblin (D:1)
  9 jackals
  4 quokkas
  3 bats
  A jackal skeleton (D:4)
  7 kobolds
  5 rats
  A fungus (D:2)
112 creatures vanquished.

Vanquished Creatures (collateral kills)
  5 gnolls (D:5)
5 creatures vanquished.

Vanquished Creatures (others)
  3 gnolls (D:5)
3 creatures vanquished.

Grand Total: 120 creatures vanquished

Notes
Turn   | Place    | Note
-------+----------+-------------------------------------------
     0 | D:1      | tidbits the Gnoll Wanderer began the quest for the Orb.
     0 | D:1      | tidbits set off with: a book of Geomancy, Obluit's Tome of Toxins, a potion of lignification, a +0 robe, a +0 dagger, a bread ration
     0 | D:1      | Reached XP level 1. HP: 17/17 MP: 2/2
     0 | D:1      | Identified Obluit's Tome of Toxins
   130 | D:1      | Reached skill level 1 in Poison Magic
   197 | D:1      | Reached skill level 1 in Ice Magic
   288 | D:1      | Reached XP level 2. HP: 8/23 MP: 4/4
   291 | D:1      | Learned a level 1 spell: Sandblast
   293 | D:1      | Reached skill level 1 in Dodging
   326 | D:1      | Reached skill level 1 in Unarmed Combat
   487 | D:2      | Noticed Sigmund
   523 | D:2      | Reached skill level 1 in Stealth
   523 | D:2      | Reached XP level 3. HP: 21/28 MP: 3/5
   526 | D:2      | Killed Sigmund
   526 | D:2      | Reached skill level 1 in Short Blades
   526 | D:2      | Reached skill level 2 in Long Blades
   526 | D:2      | Reached skill level 1 in Staves
   526 | D:2      | Reached skill level 1 in Slings
   526 | D:2      | Reached skill level 1 in Bows
   526 | D:2      | Reached skill level 2 in Crossbows
   526 | D:2      | Reached skill level 3 in Throwing
   526 | D:2      | Reached skill level 5 in Armour
   526 | D:2      | Reached skill level 2 in Stealth
   526 | D:2      | Reached skill level 1 in Shields
   526 | D:2      | Reached skill level 2 in Unarmed Combat
   526 | D:2      | Reached skill level 1 in Spellcasting
   526 | D:2      | Reached skill level 1 in Hexes
   526 | D:2      | Reached skill level 1 in Summonings
   526 | D:2      | Reached skill level 1 in Necromancy
   526 | D:2      | Reached skill level 1 in Transmutations
   526 | D:2      | Reached skill level 1 in Fire Magic
   526 | D:2      | Reached skill level 2 in Ice Magic
   526 | D:2      | Reached skill level 1 in Air Magic
   526 | D:2      | Reached skill level 2 in Poison Magic
   526 | D:2      | Reached skill level 2 in Invocations
   526 | D:2      | Reached skill level 3 in Evocations
   526 | D:2      | Reached XP level 4. HP: 20/34 MP: 0/6
   526 | D:2      | Reached XP level 5. HP: 23/39 MP: 0/7
   590 | D:2      | Noticed Terence
   615 | D:2      | Killed Terence
   615 | D:2      | Reached skill level 2 in Bows
   615 | D:2      | Reached skill level 2 in Dodging
   615 | D:2      | Reached XP level 6. HP: 26/46 MP: 3/8
   690 | D:2      | Found a hazy altar of Hepliaklqana.
   691 | D:2      | Found a shimmering altar of Xom.
   692 | D:2      | Noticed a spectral ugly thing
   844 | D:1      | Reached skill level 1 in Polearms
   898 | D:2      | Found a runed door.
   902 | D:2      | Noticed Crazy Yiuf
   907 | D:2      | Killed Crazy Yiuf
   907 | D:2      | Reached skill level 1 in Translocations
   933 | D:3      | Reached skill level 1 in Conjurations
   996 | D:4      | Noticed p0werm0de's ghost (novice GnCK)
  1039 | D:3      | Reached skill level 2 in Shields
  1112 | D:3      | Learned a level 2 spell: Passwall
  1157 | D:3      | Found an ornate altar of the Wu Jian Council.
  1157 | D:3      | Found a basalt altar of Yredelemnul.
  1214 | D:3      | Reached skill level 2 in Slings
  1214 | D:3      | Reached skill level 3 in Unarmed Combat
  1308 | D:4      | Reached skill level 1 in Axes
  1308 | D:4      | Reached skill level 2 in Polearms
  1308 | D:4      | Reached skill level 2 in Hexes
  1308 | D:4      | Reached skill level 1 in Charms
  1308 | D:4      | Reached skill level 3 in Ice Magic
  1308 | D:4      | Reached skill level 3 in Invocations
  1392 | D:4      | Reached skill level 2 in Translocations
  1404 | D:4      | Reached skill level 2 in Summonings
  1404 | D:4      | Reached XP level 7. HP: 42/51 MP: 7/9
  1539 | D:4      | HP: 4/51 [p0werm0de's ghost (15)]
  1542 | D:4      | Killed p0werm0de's ghost
  1542 | D:4      | Reached skill level 3 in Fighting
  1542 | D:4      | Reached skill level 2 in Short Blades
  1542 | D:4      | Reached skill level 3 in Long Blades
  1542 | D:4      | Reached skill level 2 in Axes
  1542 | D:4      | Reached skill level 2 in Staves
  1542 | D:4      | Reached skill level 3 in Bows
  1542 | D:4      | Reached skill level 3 in Crossbows
  1542 | D:4      | Reached skill level 3 in Dodging
  1542 | D:4      | Reached skill level 3 in Stealth
  1542 | D:4      | Reached skill level 2 in Spellcasting
  1542 | D:4      | Reached skill level 2 in Conjurations
  1542 | D:4      | Reached skill level 2 in Necromancy
  1542 | D:4      | Reached skill level 2 in Transmutations
  1542 | D:4      | Reached skill level 2 in Fire Magic
  1542 | D:4      | Reached skill level 2 in Air Magic
  1555 | D:5      | Entered Level 5 of the Dungeon
  1663 | D:4      | Found a sacrificial altar of Ru.
  1663 | D:4      | Found a glowing silver altar of Zin.
  1664 | D:4      | Found a hide-covered altar of Uskayaw.
  1705 | D:4      | Reached skill level 3 in Polearms
  1705 | D:4      | Reached skill level 3 in Hexes
  1705 | D:4      | Reached skill level 2 in Charms
  1705 | D:4      | Reached skill level 3 in Poison Magic
  1705 | D:4      | Reached XP level 8. HP: 36/58 MP: 9/11
  1756 | D:4      | Reached skill level 7 in Earth Magic
  1762 | D:4      | Reached skill level 4 in Throwing
  1762 | D:4      | Reached skill level 3 in Transmutations
  1875 | D:5      | Reached skill level 3 in Short Blades
  1894 | D:5      | Found a staircase to the Ecumenical Temple.
  1901 | Temple   | Entered the Ecumenical Temple
  1918 | Temple   | Became a worshipper of Ashenzari the Shackled
  2004 | D:6      | Reached skill level 4 in Unarmed Combat
  2004 | D:6      | Reached skill level 3 in Translocations
  2028 | D:6      | Reached skill level 3 in Shields
  2050 | D:6      | Found Buwnits's Food Shop.
  2078 | D:6      | Reached skill level 5 in Maces & Flails
  2078 | D:6      | Reached skill level 3 in Necromancy
  2130 | D:5      | Reached skill level 4 in Evocations
  2185 | D:5      | Reached skill level 4 in Fighting
  2185 | D:5      | Reached skill level 3 in Staves
  2241 | D:5      | Reached skill level 3 in Summonings
  2253 | D:5      | Reached skill level 3 in Spellcasting
  2254 | D:5      | Reached skill level 4 in Ice Magic
  2397 | D:5      | Reached skill level 4 in Long Blades
  2397 | D:5      | Reached skill level 3 in Axes
  2397 | D:5      | Reached skill level 3 in Air Magic
  2516 | D:5      | Reached skill level 3 in Slings
  2517 | D:5      | Reached skill level 4 in Dodging
  2567 | D:6      | Noticed Duvessa
  2567 | D:6      | Noticed Dowan
  2567 | D:6      | Noticed Grinder
  2641 | D:5      | Reached skill level 3 in Conjurations
  2644 | D:5      | Reached skill level 5 in Throwing
  2652 | D:5      | Reached XP level 9. HP: 33/66 MP: 8/13
  2696 | D:5      | Reached skill level 5 in Long Blades
  2704 | D:5      | Reached skill level 4 in Transmutations
  2719 | D:5      | Reached skill level 4 in Stealth
  2744 | D:5      | Reached skill level 4 in Crossbows
  2810 | D:5      | Reached skill level 4 in Bows
  2839 | D:5      | Reached skill level 5 in Fighting
  2855 | D:5      | Demolished by an ogre

Vault maps used:
D:1:      dpeg_arrival_radiant
D:2:      regret_index_temple_of_mockery, first_bread, uniq_terence,
          uniq_sigmund, uniq_crazy_yiuf_cottage
D:3:      gammafunk_temple_overflow_elements
D:4:      gammafunk_temple_overflow_forgotten
D:5:      lemuel_castle_with_subvaults, minmay_temple_entry_overgrown
D:6:      grunt_temple_overflow_open, serial_corexii_hall,
          corexii_hall_statues_i, corexii_hall_statues_i,
          corexii_hall_statues_deadend, corexii_hall_statues_i, serial_shops,
          kennysheep_little_box, shop, shop, uniq_duvessa, uniq_grinder
Temple:   corrupted_temple

Skill      XL: |  1  2  3  4  5  6  7  8  9 |
---------------+----------------------------+-----
Poison Magic   | 1 2 3 |  3.7
Ice Magic      | 1 2 3 4 |  4.5
Dodging        | 1 2 3 4 |  4.8
Unarmed Combat | 1 2 3 4 |  4.4
Stealth        | 1 2 3 4 |  4.2
Short Blades   | 1 2 3 |  3.3
Long Blades    | 2 3 4 5 |  5.0
Staves         | 1 2 3 |  3.3
Slings         | 1 2 3 |  3.7
Bows           | 1 2 3 4 |  4.0
Crossbows      | 2 3 4 |  4.0
Throwing       | 3 5 |  5.0
Armour         | 5 |  5.9
Shields        | 1 2 3 |  3.7
Spellcasting   | 1 2 3 |  3.5
Hexes          | 1 2 3 |  3.7
Summonings     | 1 2 3 |  3.7
Necromancy     | 1 2 3 |  3.7
Transmutations | 1 2 3 4 |  4.0
Fire Magic     | 1 2 |  2.8
Air Magic      | 1 2 3 |  3.7
Invocations    | 2 3 |  3.7
Evocations     | 3 4 |  4.4
Polearms       | 2 3 |  3.9
Translocations | 2 3 |  3.9
Conjurations   | 1 2 3 |  3.3
Axes           | 1 2 3 |  3.5
Charms         | 1 2 |  2.0
Fighting       | 3 4 5 |  5.0
Earth Magic    | 7 |  7.3
Maces & Flails | 5 |  5.4

Action                   |  1- 3 |  4- 6 |  7- 9 || total
-------------------------+-------+-------+-------++-------
Melee: Dagger            |    33 |       |       ||    33
       Bite              |     2 |    10 |    21 ||    33
       Unarmed           |     1 |       |    27 ||    28
       Whip              |     6 |    88 |   136 ||   230
       Quarterstaff      |       |       |    12 ||    12
       Punch             |       |       |     2 ||     2
       Morningstar       |       |       |     7 ||     7
 Cast: Sandblast         |    13 |    17 |    59 ||    89
       Passwall          |       |       |     1 ||     1
Invok: Curse Item        |       |       |     1 ||     1
Evoke: Wand              |       |       |     4 ||     4
  Use: Potion            |     2 |     1 |     2 ||     5
       Scroll            |       |     3 |     1 ||     4
 Stab: Sleeping          |       |     3 |     2 ||     5
       Distracted        |       |     1 |       ||     1
  Eat: Chunk             |       |     3 |     3 ||     6
       Royal jelly       |       |       |     1 ||     1
Armor: Robe              |    16 |    11 |    30 ||    57
       Skin              |     1 |       |    19 ||    20
Dodge: Dodged            |    58 |    32 |   109 ||   199
Block: Buckler           |       |       |    17 ||    17

Table legend:
 A = Spawn XP
 B = Non-spawn XP
 C = Spawn XP percentage of total XP
 D = Spawn monster count
 E = Non-spawn monster count
 F = Spawn count percentage of total count
 G = Total turns spent on level
                    A         B        C        D         E        F      G
               +---------+---------+-------+---------+---------+-------+---------
         Total |       0 |    2658 |   0.0 |       0 |     116 |   0.0 |  2855
               +---------+---------+-------+---------+---------+-------+---------
           D:1 |       0 |      22 |   0.0 |       0 |      11 |   0.0 |   394
           D:2 |       0 |     371 |   0.0 |       0 |      23 |   0.0 |   551
           D:3 |       0 |      79 |   0.0 |       0 |      13 |   0.0 |   348
           D:4 |       0 |     942 |   0.0 |       0 |      20 |   0.0 |   560
           D:5 |       0 |    1046 |   0.0 |       0 |      44 |   0.0 |   842
           D:6 |       0 |     198 |   0.0 |       0 |       5 |   0.0 |   126
               +---------+---------+-------+---------+---------+-------+---------

Table legend:
 A = Turns spent in this place as a percentage of turns spent in the entire game.
 B = Non-inter-level travel turns spent in this place as a percentage of non-inter-level travel turns spent in the entire game.
 C = Inter-level travel turns spent in this place as a percentage of turns spent in this place.
 D = Turns resting spent in this place as a percentage of non-inter-level travel turns spent in this place.
 E = Turns spent auto-exploring this place as a percentage of non-inter-level travel turns spent in this place.
 F = Non-inter-level travel turns spent in this place divided by the number of levels of this place that you've seen.
                   A       B       C       D       E      F
               +-------+-------+-------+-------+-------+----------------------
         Total | 100.0 | 100.0 |   1.0 |   0.0 |   0.0 | 403.7
       Dungeon |  98.8 |  99.3 |   0.6 |   0.0 |   0.0 | 467.5
        Temple |   1.2 |   0.7 |  38.2 |   0.0 |   0.0 |  21.0
               +-------+-------+-------+-------+-------+----------------------

Table legend:
 A = Kills in this place as a percentage of kills in entire the game.
 B = Kills by you in this place as a percentage of kills by you in the entire game.
 C = Kills by friends in this place as a percentage of kills by friends in the entire game.
 D = Other kills in this place as a percentage of other kills in the entire game.
 E = Experience gained in this place as a percentage of experience gained in the entire game.
 F = Experience gained in this place divided by the number of levels of this place that you have seen.
                   A       B       C       D       E      F
               +-------+-------+-------+-------+-------+----------------------
         Total | 100.0 | 100.0 | 100.0 |   N/A | 100.0 | 379.7
       Dungeon | 100.0 | 100.0 | 100.0 |   N/A | 100.0 | 443.0
               +-------+-------+-------+-------+-------+----------------------

Vault maps used:
D:1:      dpeg_arrival_radiant
D:2:      regret_index_temple_of_mockery, first_bread, uniq_terence,
          uniq_sigmund, uniq_crazy_yiuf_cottage
D:3:      gammafunk_temple_overflow_elements
D:4:      gammafunk_temple_overflow_forgotten
D:5:      lemuel_castle_with_subvaults, minmay_temple_entry_overgrown
D:6:      grunt_temple_overflow_open, serial_corexii_hall,
          corexii_hall_statues_i, corexii_hall_statues_i,
          corexii_hall_statues_deadend, corexii_hall_statues_i, serial_shops,
          kennysheep_little_box, shop, shop, uniq_duvessa, uniq_grinder
Temple:   corrupted_temple
